 Dungeon Crawl Stone Soup version 0.31-a0-185-g9dded2c639 (webtiles) character file.

Game seed: 4996042450483687193

7781 qw the Markself (level 11, -3/63 HPs)
             Began as a Deep Elf Hunter on June 22, 2023.
             Was a Follower of Okawaru.
             Succumbed to a killer bee's poison
             ... on level 9 of the Dungeon.
             The game lasted 00:02:33 (6726 turns).

qw the Markself (Deep Elf Hunter)                   Turns: 6726, Time: 00:02:34

Health: -3/63      AC: 12    Str: 12    XL:     11   Next: 1%
Magic:  13/16      EV: 22    Int: 15    God:    Okawaru [*.....]
Gold:   671        SH:  5    Dex: 24    Spells: 10/10 levels left

rFire   + + .        Y - +5 longbow (freeze)
rCold   + . .        (shield currently unavailable)
rNeg    . . .        m - +3 scale mail {rF+}
rPois   .            (no helmet)
rElec   .            k - scarf {rC+ rF+}
rCorr   .            a - +0 pair of gloves
SInv    .            (no boots)
Will    +....        b - amulet of reflection
Stlth   ++           o - +6 ring of dexterity
HPRegen 0.30/turn    c - +5 ring of evasion
MPRegen 0.15/turn

%: reflection
@: lethally poisoned (-3 -> -23), about to teleport, heroic
A: no striking features
a: Renounce Religion, Heroism


You were on level 9 of the Dungeon.
You worshipped Okawaru.
Okawaru was aware of your devotion.
You visited 2 branches of the dungeon, and saw 10 of its levels.

You collected 671 gold pieces.


   Skills:
 - Level 5.0(10.0) Fighting
 + Level 18.5(23.5) Ranged Weapons
 - Level 2.0(7.0) Armour
 - Level 7.0(12.0) Dodging
 - Level 1.2(6.2) Stealth
 - Level 4.0 Invocations


You had 10 spell levels left.
You didn't know any spells.
Your spell library was empty.

Inventory:

Hand Weapons
 Y - a +5 longbow of freezing (weapon)
Armour
 a - a +0 pair of gloves (worn)
 d - a +3 ring mail
 e - a +0 scale mail of poison resistance
 k - a scarf of resistance (worn)
 m - a +3 scale mail of fire resistance (worn)
Jewellery
 b - an amulet of reflection (around neck)
 c - a +5 ring of evasion (right hand)
 i - a ring of fire
 o - a +6 ring of dexterity (left hand)
Scrolls
 g - 4 scrolls of identify
 h - 2 scrolls of teleportation
Potions
 f - 2 potions of haste
 j - 2 potions of might
 l - a potion of curing

Dungeon Overview and Level Annotations

Branches:
Dungeon (9/15)             Temple (1/1) D:4
   Lair: D:8-11         Orc: D:9-12

Altars:
Ashenzari
Cheibriados
Dithmenos
Elyvilon
Fedhas
Gozag
Hepliaklqana
Kikubaaqudgha
Makhleb
Nemelex Xobeh
Okawaru
Qazlal
Ru
Sif Muna
Trog
Uskayaw
Vehumet
Wu Jian
Xom
Zin

Shops:
D:7 :

Annotations:
D:7 2 transporters, qw's ghost, novice NaHu
D:8 3 runed translucent doors, qw's ghost, novice GrFi


Message History

The killer bee rages.
The queen bee completely misses you.
You shoot an arrow. The arrow hits the queen bee!!
The arrow freezes the queen bee.
You kill the queen bee!
Okawaru accepts your kill.
The killer bee rages.
The killer bee closely misses you. x2
Your Invocations skill increases to level 4!
You have reached level 11!
You shoot an arrow. The arrow hits the killer bee!!
The arrow freezes the killer bee.
You kill the killer bee!
Okawaru accepts your kill.
The killer bee rages.
The killer bee misses you. The killer bee barely misses you.
You shoot an arrow. The arrow hits the killer bee!
The arrow freezes the killer bee.
The killer bee is heavily wounded.
The killer bee misses you. The killer bee stings you!
The killer bee misses you.
You shoot an arrow. The arrow hits the killer bee!!
The arrow freezes the killer bee.
You kill the killer bee!
Okawaru accepts your kill. The killer bee closely misses you.
The killer bee rages.
The killer bee misses you.
You shoot an arrow. The arrow hits the killer bee!!
The arrow freezes the killer bee.
The killer bee is almost dead.
The killer bee stings you!
You are lethally poisoned!
The killer bee poisons you! The killer bee completely misses you.
The killer bee stings you.
You are more poisoned.
The killer bee poisons you!
6726 ||| READING 3 scrolls of teleportation.
As you read the scroll of teleportation, it crumbles to dust.
You feel strangely unstable.
You die...

. .. ... ######..+ ..!!
####<.....# ....y ###...%######
...oyy####...####
...yyyy@...###
...yoy##################
...##y#..##.#..##.#..##.
###..#.##..#.##.)#.##..#.#
#(.##....##....##..).##...
####.#.#.##..#.##..#.##..#.##
#.....#..##.#..##.#..##.#..##
#.?...##....##....##....##...
###.......##.#..##.#..##.#..##.


You could see 9 killer bees and 2 orcs.

Vanquished Creatures
  2 two-headed ogres (D:9)
  Pikel (D:5)
  A queen bee (D:9)
  2 hornets (D:9)
  Eustachio (D:5)
  Sigmund (D:5)
  A wyvern (D:9)
  6 yaks
  Grum (D:9)
  A steam dragon (D:8)
  2 water moccasins
  Duvessa (D:6)
  2 black bears
  3 orc warriors
  2 centaurs
  4 wolves (D:9)
  Blork the orc (D:6)
  5 gnoll sergeants
  4 bullfrogs
  Dowan (D:6)
  9 wights
  15 killer bees (D:9)
  A howler monkey (D:8)
  2 hounds (D:6)
  A jelly (D:5)
  3 orc priests
  4 gnoll boudas
  6 orc wizards
  Terence (D:3)
  An iguana (D:4)
  Natasha (twice) (D:3)
  22 gnolls
  3 adders
  A shadow imp (D:8)
  3 white imps
  A worm (D:2)
  A dart slug (D:3)
  17 orcs
  3 bats
  6 endoplasms
  A giant cockroach (D:7)
  8 hobgoblins
  7 jackals
  5 kobolds
  5 quokkas
  8 ball pythons
  4 frilled lizards
  9 goblins
  5 rats
196 creatures vanquished.

Notes
Turn   | Place    | Note
-------+----------+-------------------------------------------
     0 | D:1      | qw the Deep Elf Hunter began the quest for the Orb.
     0 | D:1      | Reached XP level 1. HP: 12/12 MP: 3/3
     0 | D:1      | 0 ||| qw: Version: 0.3-a-9-g12657ce
     0 | D:1      | 0 ||| qw: Game counter: 1860
     0 | D:1      | 0 ||| qw: Always use a shield: true
     0 | D:1      | 0 ||| qw: God list: Okawaru
     0 | D:1      | 0 ||| qw: Allow faded altars: false
     0 | D:1      | 0 ||| qw: Do Orc after D:15 true
     0 | D:1      | 0 ||| qw: Do second Lair branch before Depths: true
     0 | D:1      | 0 ||| qw: Lair rune preference: random
     0 | D:1      | 0 ||| qw: Plans: Normal
     0 | D:1      | 0 ||| PLANNING D:1-11
    43 | D:1      | Reached XP level 2. HP: 16/16 MP: 4/4
    61 | D:1      | Reached skill level 6 in Ranged Weapons
   787 | D:1      | 787 ||| DROPPING scarf of shadows.
   788 | D:1      | 788 ||| UPGRADING to scarf of resistance.
   793 | D:1      | 793 ||| UPGRADING to +5 ring of evasion.
   794 | D:1      | 794 ||| UPGRADING to ring of positive energy.
   795 | D:1      | 795 ||| READING 2 scrolls labelled DEYNYA OCEHI.
   796 | D:1      | 796 ||| READING 5 scrolls labelled JOTUEQ QEUHUSS.
   797 | D:1      | 797 ||| READING scroll labelled UFEUBA BEXA.
   802 | D:1      | 802 ||| READING scroll labelled VUOMNEV PINEE.
   802 | D:1      | Identified a scroll of acquirement
   802 | D:1      | 802 ||| ACQUIRING +4 longbow of freezing
   802 | D:1      | Acquired a +4 longbow of freezing
   804 | D:1      | 804 ||| SWAPPING to +4 longbow of freezing.
   805 | D:1      | 805 ||| DROPPING +0 shortbow.
   806 | D:1      | 806 ||| READING 4 scrolls of identify.
   806 | D:1      | 806 ||| IDENTIFYING purple potion
   807 | D:1      | 807 ||| READING 3 scrolls of identify.
   807 | D:1      | 807 ||| IDENTIFYING lumpy blue potion
   808 | D:1      | 808 ||| READING 2 scrolls of identify.
   808 | D:1      | 808 ||| IDENTIFYING yellow potion
   809 | D:1      | 809 ||| DROPPING scroll of noise.
   810 | D:1      | 810 ||| DROPPING scroll of butterflies.
   811 | D:1      | 811 ||| DROPPING potion of brilliance.
   812 | D:1      | 812 ||| DROPPING potion of degeneration.
   842 | D:2      | Reached XP level 3. HP: 20/20 MP: 5/5
   845 | D:2      | 845 ||| STAIRDANCE
   850 | D:1      | HP: 5/20 [poisoned by an adder]
   927 | D:2      | 927 ||| STAIRDANCE
  1002 | D:2      | Reached skill level 7 in Ranged Weapons
  1009 | D:2      | 1009 ||| Stepping ~*~*~tactically~*~*~ (outnumbered).
  1013 | D:2      | 1013 ||| Stepping ~*~*~tactically~*~*~ (outnumbered).
  1020 | D:2      | Reached XP level 4. HP: 23/25 MP: 6/6
  1025 | D:2      | 1025 ||| DRINKING potion of curing.
  1025 | D:2      | 1025 ||| (to cure confusion)
  1037 | D:2      | Found a hazy altar of Hepliaklqana.
  1071 | D:2      | Reached skill level 8 in Ranged Weapons
  1309 | D:2      | 1309 ||| UPGRADING to +0 pair of gloves.
  1438 | D:3      | Reached XP level 5. HP: 29/29 MP: 7/7
  1506 | D:3      | Found a white marble altar of Elyvilon.
  1660 | D:3      | Found a snail-covered altar of Cheibriados.
  1698 | D:3      | Noticed Terence
  1701 | D:3      | Killed Terence
  1792 | D:3      | Noticed Natasha
  1793 | D:3      | 1793 ||| Stepping ~*~*~tactically~*~*~ (outnumbered).
  1795 | D:3      | Killed Natasha
  1840 | D:3      | Noticed Natasha
  1843 | D:3      | Killed Natasha
  1844 | D:3      | Reached skill level 9 in Ranged Weapons
  1897 | D:3      | 1897 ||| UPGRADING to +3 scale mail of fire resistance.
  1907 | D:3      | 1907 ||| DROPPING +0 leather armour.
  1908 | D:3      | 1908 ||| READING scroll labelled CEQAQE TELURAC.
  1909 | D:3      | 1909 ||| READING 2 scrolls of identify.
  1909 | D:3      | 1909 ||| IDENTIFYING sedimented white potion
  1910 | D:3      | 1910 ||| DROPPING potion of lignification.
  1938 | D:4      | Noticed a black bear
  1942 | D:4      | Killed a black bear
  1943 | D:4      | Reached XP level 6. HP: 34/34 MP: 8/8
  1980 | D:4      | Identified the +5 flail of Impatience {heavy, rElec rPois
                  | rN++ Will+}
  2021 | D:4      | Found a staircase to the Ecumenical Temple.
  2022 | D:4      | 2022 ||| PLANNING TEMPLE
  2022 | D:4      | 2022 ||| UPGRADING to +6 ring of strength.
  2024 | D:4      | 2024 ||| DROPPING ring of positive energy.
  2025 | D:4      | 2025 ||| READING scroll labelled NUENUNWODO.
  2027 | D:4      | 2027 ||| Stepping ~*~*~tactically~*~*~ (cloud).
  2035 | D:4      | HP: 8/35 [poisoned by you (poison gas)]
  2154 | Temple   | Entered the Ecumenical Temple
  2187 | Temple   | 2187 ||| PLANNING D:1-11
  2258 | D:4      | Found a blossoming altar of Fedhas.
  2261 | D:4      | Found an ancient bone altar of Kikubaaqudgha.
  2468 | D:4      | 2468 ||| UPGRADING to amulet of reflection.
  2486 | D:5      | Entered Level 5 of the Dungeon
  2487 | D:5      | Found an ornate altar of the Wu Jian Council.
  2537 | D:5      | Reached skill level 10 in Ranged Weapons
  2645 | D:5      | Reached skill level 3 in Dodging
  2654 | D:5      | Reached XP level 7. HP: 37/40 MP: 9/9
  2748 | D:5      | Found a shadowy altar of Dithmenos.
  2749 | D:5      | Noticed Sigmund
  2752 | D:5      | Killed Sigmund
  2823 | D:5      | Noticed Eustachio
  2834 | D:5      | Killed Eustachio
  2835 | D:5      | Reached skill level 11 in Ranged Weapons
  2971 | D:5      | Reached skill level 12 in Ranged Weapons
  3138 | D:5      | 3138 ||| DROPPING amulet of magic regeneration.
  3139 | D:5      | 3139 ||| UPGRADING to +6 ring of dexterity.
  3141 | D:5      | 3141 ||| UPGRADING to +5 ring of evasion.
  3143 | D:5      | 3143 ||| DROPPING +6 ring of strength.
  3144 | D:5      | 3144 ||| READING scroll labelled JETTEU YD XUYJE.
  3145 | D:5      | 3145 ||| DRINKING 2 grey potions.
  3155 | D:5      | 3155 ||| READING 3 scrolls of identify.
  3155 | D:5      | 3155 ||| IDENTIFYING bubbling clear potion
  3156 | D:5      | 3156 ||| DROPPING potion of ambrosia.
  3183 | D:6      | Noticed Pikel
  3184 | D:6      | 3184 ||| PLANNING SEWER
  3187 | D:6      | 3187 ||| STAIRDANCE
  3190 | D:5      | Killed Pikel
  3191 | D:5      | Reached XP level 8. HP: 44/48 MP: 10/10
  3225 | D:6      | 3225 ||| FLEEEEING.
  3226 | D:6      | 3226 ||| STAIRDANCE
  3317 | D:6      | Found a bloodstained altar of Trog.
  3336 | D:6      | Noticed Blork the orc
  3338 | D:6      | Killed Blork the orc
  3339 | D:6      | Reached skill level 13 in Ranged Weapons
  3361 | D:6      | You fall into a shaft and drop 3 floors!
  3423 | D:9      | Noticed a two-headed ogre
  3428 | D:9      | Killed a two-headed ogre
  3429 | D:9      | Reached skill level 14 in Ranged Weapons
  3429 | D:9      | Reached XP level 9. HP: 52/52 MP: 11/11
  3440 | D:9      | Noticed Grum
  3450 | D:9      | Killed Grum
  3451 | D:9      | Reached skill level 15 in Ranged Weapons
  3584 | D:9      | Noticed a two-headed ogre
  3590 | D:9      | HP: 1/52 [two-headed ogre/+0 giant club (22)]
  3592 | D:9      | Killed a two-headed ogre
  3593 | D:9      | Reached skill level 16 in Ranged Weapons
  3799 | D:9      | Reached XP level 10. HP: 58/58 MP: 12/12
  3943 | D:8      | 3943 ||| READING scroll labelled XIS RI YLE.
  3952 | D:7      | Found Othech's Book Emporium.
  3959 | D:7      | Noticed qw's ghost (novice NaHu)
  3960 | D:7      | Found a transporter.
  3968 | D:6      | 3968 ||| RIP SEWER
  3969 | D:6      | 3969 ||| PLANNING D:1-11
  3987 | D:6      | Noticed Duvessa
  3990 | D:6      | Noticed Dowan
  3993 | D:6      | Killed Duvessa
  3994 | D:6      | Reached skill level 6 in Dodging
  3996 | D:6      | Killed Dowan
  4083 | D:6      | Found an iron altar of Okawaru.
  4084 | D:6      | 4084 ||| PLANNING OKAWARU WORSHIP
  4084 | D:6      | 4084 ||| READING scroll labelled CUHOGOU IHAS.
  4091 | D:6      | Became a worshipper of Warmaster Okawaru
  4092 | D:6      | 4092 ||| PLANNING D:1-11
  4515 | D:7      | Found a sacrificial altar of Ru.
  4542 | D:7      | Found a transporter.
  4568 | D:7      | Found a radiant altar of Vehumet.
  4578 | D:7      | Reached skill level 17 in Ranged Weapons
  4584 | D:7      | 4584 ||| FLEEEEING.
  4585 | D:7      | 4585 ||| FLEEEEING.
  4586 | D:7      | 4586 ||| FLEEEEING.
  4587 | D:7      | 4587 ||| FLEEEEING.
  4588 | D:7      | 4588 ||| FLEEEEING.
  4589 | D:7      | 4589 ||| FLEEEEING.
  4590 | D:7      | 4590 ||| FLEEEEING.
  4591 | D:7      | 4591 ||| FLEEEEING.
  4592 | D:7      | 4592 ||| FLEEEEING.
  4593 | D:7      | 4593 ||| FLEEEEING.
  4594 | D:7      | 4594 ||| FLEEEEING.
  4595 | D:7      | 4595 ||| FLEEEEING.
  4596 | D:7      | 4596 ||| FLEEEEING.
  4597 | D:7      | 4597 ||| FLEEEEING.
  4598 | D:7      | 4598 ||| FLEEEEING.
  4599 | D:7      | 4599 ||| FLEEEEING.
  4600 | D:7      | 4600 ||| FLEEEEING.
  4601 | D:7      | 4601 ||| FLEEEEING.
  4602 | D:7      | 4602 ||| FLEEEEING.
  4603 | D:7      | 4603 ||| FLEEEEING.
  4604 | D:7      | 4604 ||| STAIRDANCE
  4688 | D:6      | 4688 ||| DROPPING ring of see invisible.
  4709 | D:7      | Found a broken altar of Ashenzari.
  4787 | D:7      | Reached * piety under Okawaru
  4789 | D:7      | 4789 ||| INVOKING Heroism.
  4805 | D:7      | Found the +5 woodcutter's axe
  5266 | D:8      | Found a runed translucent gate.
  5311 | D:8      | Reached skill level 18 in Ranged Weapons
  5565 | D:8      | Found an opulent altar of Gozag.
  5793 | D:8      | Found a runed translucent gate.
  5794 | D:8      | Found a runed translucent gate.
  5797 | D:8      | Noticed qw's ghost (novice GrFi)
  6011 | D:8      | 6011 ||| INVOKING Heroism.
  6099 | D:8      | Identified the +11 plate armour "Cigu" {Slay+2}
  6443 | D:8      | 6443 ||| READING 5 scrolls of identify.
  6443 | D:8      | 6443 ||| IDENTIFYING green potion
  6444 | D:8      | 6444 ||| DROPPING potion of attraction.
  6482 | D:9      | Reached skill level 1 in Invocations
  6485 | D:9      | 6485 ||| STAIRDANCE
  6566 | D:9      | 6566 ||| STAIRDANCE
  6569 | D:8      | 6569 ||| INVOKING Heroism.
  6692 | D:9      | 6692 ||| INVOKING Heroism.
  6695 | D:9      | Reached skill level 3 in Invocations
  6716 | D:9      | 6716 ||| INVOKING Heroism.
  6722 | D:9      | Reached XP level 11. HP: 28/63 MP: 12/16
  6725 | D:9      | HP: 7/63 [killer bee (11)]
  6725 | D:9      | HP: 2/63 [killer bee (5)]
  6726 | D:9      | 6726 ||| READING 3 scrolls of teleportation.
  6726 | D:9      | Succumbed to a killer bee's poison

Levels and vault maps discovered:
D:1:      co_arrival_hall_of_pillars, layout_basic, corner_web_ring,
          minmay_misc_feat_iff
D:2:      layout_rooms, basic_altar
D:3:      layout_loops_cross, nicolae_elyvilon_peaceful_grove,
          lemuel_crystal_altar, uniq_terence, uniq_natasha
D:4:      layout_rooms, grunt_temple_overflow_growth_and_decay,
          minmay_temple_entry_antechambers
D:5:      layout_loops_ring, mainiacjoe_overflow_six_doors_small,
          nicolae_wu_jian_wuxing_cycle, amcnicky_mini_rare_corridor_liquid,
          uniq_sigmund, uniq_eustachio
D:6:      layout_cave_pools, amcnicky_altar_gilded, old_standard_altar,
          portal_sewer_entry_a, due_unseen_surprise, uniq_duvessa, uniq_pikel,
          uniq_blork_the_orc
D:7:      layout_loops_ring, nicolae_ru_great_annihilating_truth,
          nicolae_vehumet_radiance, evilmike_ruin_ashenzari,
          gammafunk_ghost_arena, serial_shops, shop,
          pf_guarded_unrand_woodcutter
D:8:      kennysheep_spiral_hall, layout_layer_cave, grunt_gozag_statues,
          gammafunk_ghost_spectres
D:9:      layout_roguey [special_room_bee], enter_bailey_5,
          gammafunk_ghost_ooze, nicolae_eternal_life, uniq_amaemon, uniq_grum
Temple:   nicolae_temple_little_seven

Skill      XL: |  1  2  3  4  5  6  7  8  9 10 |
---------------+-------------------------------+-----
Ranged Weapons | 6 7 8 9 10 12 14 16 18 | 18.5
Armour         | 2 |  2.0
Fighting       | 2 4 5 |  5.0
Dodging        | 3 4 5 7 |  7.0
Invocations    | 4 |  4.0
Stealth        | |  1.2

Action                     |  1- 3 |  4- 6 |  7- 9 | 10-12 || total
---------------------------+-------+-------+-------+-------++-------
   Fire: Shortbow          |    81 |       |       |       ||    81
         Longbow           |    24 |    95 |   106 |   178 ||   403
 Invoke: Heroism           |       |       |       |     5 ||     5
    Use: Scroll            |     7 |     3 |     2 |     4 ||    16
         Potion            |       |     1 |     1 |       ||     2
 Armour: Leather armour    |     5 |     1 |       |       ||     6
         Scale mail        |       |     8 |    15 |    13 ||    36
  Dodge: Dodged            |    35 |    17 |    57 |    69 ||   178
  Block: Other             |       |     3 |    25 |    14 ||    42

Table legend:
 A = Non-vault XP
 B = Vault XP
 C = Vault XP percentage of total XP
 D = Non-vault monster count
 E = Vault monster count
 F = Vault count percentage of total count
                 A         B        C        D         E       F
            +---------+---------+-------+---------+---------+-------
      Total |    7086 |    4030 |  36.3 |     142 |      54 |  27.6
            +---------+---------+-------+---------+---------+-------
        D:1 |      54 |       0 |   0.0 |      24 |       0 |   0.0
        D:2 |     130 |       0 |   0.0 |      15 |       0 |   0.0
        D:3 |      56 |      69 |  55.2 |      11 |       2 |  15.4
        D:4 |     254 |       0 |   0.0 |      17 |       0 |   0.0
        D:5 |     343 |    1069 |  75.7 |      11 |       3 |  21.4
        D:6 |     657 |     335 |  33.8 |      21 |      10 |  32.3
        D:7 |    1300 |     477 |  26.8 |      20 |      14 |  41.2
        D:8 |     906 |     180 |  16.6 |      11 |       4 |  26.7
        D:9 |    3386 |    1900 |  35.9 |      12 |      21 |  63.6
            +---------+---------+-------+---------+---------+-------
